 Dungeon Crawl Stone Soup version 0.27-a0-46-g34d46f0a3f (webtiles) character file.

Game seed: 17213976909170008519

396 voltaire321 the Poker (level 6, -1/48 HPs)
             Began as a Merfolk Gladiator on Jan 7, 2021.
             Killed from afar by a kobold (16 damage)
             ... with a bolt of acid
             ... on level 3 of the Dungeon.
             The game lasted 00:08:49 (2344 turns).

voltaire321 the Poker (Merfolk Gladiator)           Turns: 2344, Time: 00:08:50

Health: -1/48      AC:  5    Str: 14    XL:     6   Next: 82%
Magic:  6/6        EV: 15    Int:  8    God:
Gold:   222        SH:  5    Dex: 17    Spells: 5/5 levels left

rFire    . . .     SeeInvis .   a - +2 trident
rCold    . . .     Faith    .   j - +0 buckler
rNeg     . . .     Spirit   .   b - +0 leather armour
rPois    .         Reflect  .   c - +0 helmet
rElec    .         Harm     .   (no cloak)
rCorr    .         Rampage  .   (no gloves)
Will     .....                  t - +0 pair of boots
Stlth    +.........             (no amulet)
HPRegen  0.16/turn              (no ring)
MPRegen  0.10/turn              (no ring)

@: no status effects
A: change form in water, swift swim, stealthy swim
a: no special abilities


You were on level 3 of the Dungeon.
You visited 1 branch of the dungeon, and saw 3 of its levels.
You also visited: Sewer.

You collected 222 gold pieces.

Inventory:

Hand Weapons
 a - a +2 trident (weapon)
Missiles
 d - 3 throwing nets
 n - 19 poisoned darts (quivered)
 o - 4 boomerangs
Armour
 b - a +0 leather armour (worn)
 c - a +0 helmet (worn)
 j - a +0 buckler (worn)
 t - a +0 pair of boots (worn)
Wands
 p - a wand of disintegration (15)
Scrolls
 f - a scroll of blinking
 h - 2 scrolls of identify
 i - a scroll of teleportation
Potions
 e - a potion of brilliance {unknown}
 g - a potion of flight
 k - 3 potions of curing {unknown}
 l - a potion of cancellation {unknown}
 q - 2 potions of berserk rage
 r - 2 potions of degeneration {unknown}
 s - a potion of ambrosia {unknown}


   Skills:
 + Level 4.0 Fighting
 + Level 6.3 Polearms
 + Level 3.7 Throwing
 + Level 5.6 Dodging
 + Level 2.1 Shields


You had 5 spell levels left.
You didn't know any spells.
Your spell library was empty.

Dungeon Overview and Level Annotations

Branches:
Dungeon (3/15)              Sewer (visited)

Altars:


Message History

Delverdan's ghost is almost destroyed.
Delverdan's ghost closely misses you.
You hit delverdan's ghost but do no damage.
Delverdan's ghost is almost destroyed.
Delverdan's ghost barely misses you.
You hit delverdan's ghost.
Delverdan's ghost is almost destroyed.
Delverdan's ghost hits you!
* * * LOW HITPOINT WARNING * * *
You hit delverdan's ghost.
You destroy delverdan's ghost!
Your Fighting skill increases to level 4!
Your Shields skill increases to level 2!
You barely miss the kobold. You block the kobold's attack.
You puncture the kobold!
You kill the kobold!
You hit the kobold.
The kobold is heavily wounded.
The kobold zaps a wand.
The bolt of acid hits you!
You die...

#......................
###.#............#..#..
#....................
#.(..................
######.........#.....
#.............).
#.....#.........
#####..#.##.###.###.
#KK@..##.##.# #.....
#K###.##.##.########
#...#####......#####
#K.##K⌠.####...#.#..
#KK#K#.#.##'...#....
#..K..#..$##...#....
#.K'.....? #...#.###
##.'..#... #...#)#
#.#.#.#.# ##'##.###


You could see a big kobold and 2 kobolds.

Vanquished Creatures
  The ghost of delverdan the Skirmisher, an amateur TrDe (D:3)
  A water moccasin (Sewer)
  Terence (D:3)
  4 adders
  3 worms
  3 dart slugs (D:1)
  4 leopard geckos
  An orc (D:3)
  6 giant cockroaches
  4 goblins
  7 hobgoblins
  3 jackals (D:1)
  11 kobolds
  7 bats
  2 frilled lizards (D:2)
  7 rats
65 creatures vanquished.

Notes
Turn   | Place    | Note
-------+----------+-------------------------------------------
     0 | D:1      | voltaire321 the Merfolk Gladiator began the quest for the
                  | Orb.
     0 | D:1      | Reached XP level 1. HP: 16/16 MP: 1/1
   180 | D:1      | Reached XP level 2. HP: 23/23 MP: 2/2
   395 | D:1      | Reached XP level 3. HP: 28/28 MP: 3/3
   559 | D:2      | Reached skill level 5 in Polearms
   560 | D:2      | Found a faded altar of an unknown god.
   835 | D:2      | Reached XP level 4. HP: 34/34 MP: 4/4
  1309 | D:3      | Noticed Terence
  1321 | D:3      | Killed Terence
  1392 | D:3      | Found a glowing drain.
  1438 | Sewer    | Entered a sewer
  1456 | Sewer    | Reached XP level 5. HP: 34/41 MP: 5/5
  1519 | Sewer    | Noticed a water moccasin
  1544 | Sewer    | Killed a water moccasin
  1545 | Sewer    | Reached skill level 5 in Dodging
  1545 | Sewer    | Reached skill level 1 in Shields
  2038 | D:3      | Reached XP level 6. HP: 47/47 MP: 6/6
  2183 | D:3      | Reached skill level 6 in Polearms
  2294 | D:3      | Found a runed translucent gate.
  2294 | D:3      | Found a runed translucent gate.
  2294 | D:3      | Found a runed translucent gate.
  2294 | D:3      | Noticed delverdan's ghost (amateur TrDe)
  2341 | D:3      | Killed delverdan's ghost
  2344 | D:3      | Killed from afar by a kobold

Illustrated notes

Levels and vault maps discovered:
D:1:      amcnicky_arrival_double_pillar, layout_rooms
D:2:      layout_basic, chequers_ecumenical_altar_simple
D:3:      layout_basic, portal_sewer_entry_c, gammafunk_ghost_nasty_kobolds,
          st_stairs_7, grunt_ministairs_6, nrook_loot_triangle, uniq_terence

Skill      XL: |  1  2  3  4  5  6 |
---------------+-------------------+-----
Polearms       | 5 6 |  6.3
Fighting       | 3 4 |  4.0
Throwing       | 3 |  3.7
Dodging        | 5 |  5.6
Shields        | 1 2 |  2.1

Action                   |  1- 3 |  4- 6 || total
-------------------------+-------+-------++-------
Melee: Trident           |    80 |   147 ||   227
Throw: Dart              |       |     2 ||     2
  Use: Scroll            |       |     8 ||     8
       Potion            |       |     4 ||     4
 Stab: Sleeping          |     2 |     1 ||     3
       Distracted        |       |     1 ||     1
Armor: Leather armour    |    15 |    15 ||    30
       Skin              |       |    14 ||    14
Dodge: Dodged            |    45 |    52 ||    97
Block: Buckler           |     2 |    24 ||    26

Table legend: (Time is in decaauts)
 A = Elapsed time spent in this place.
 B = Non-inter-level travel time spent in this place.
 C = Inter-level travel time spent in this place.
 D = Time resting spent in this place.
 E = Time spent auto-exploring this place.
 F = Levels seen in this place.
 G = Mean time per level.
                   A        B        C        D        E       F      G
               +--------+--------+--------+--------+--------+-----+--------+
         Total |   2352 |   2352 |      0 |    582 |    928 |   4 |  588.0 |
       Dungeon |   2041 |   2041 |      0 |    375 |    916 |   3 |  680.3 |
         Sewer |    310 |    310 |      0 |    207 |     12 |   1 |  310.0 |
               +--------+--------+--------+--------+--------+-----+--------+

Top non-repeatable levels by time:
     D:3: 801 daAuts
     D:2: 679 daAuts
     D:1: 560 daAuts
   Sewer: 310 daAuts
